 Dungeon Crawl Stone Soup version 0.30-b1-2-g02819fbbbe (webtiles) character file.

Game seed: 9588706001241844487

1560 Metae the Covered (level 8, 0/71 HPs)
             Began as a Minotaur Fighter on June 28, 2023.
             Was an Initiate of Uskayaw.
             Slain by an orc warrior
             ... wielding a +2 halberd of venom
              (5 damage)
             ... on level 6 of the Dungeon.
             The game lasted 00:14:40 (4994 turns).

Metae the Covered (Minotaur Fighter)                Turns: 4994, Time: 00:14:41

Health: 0/71       AC: 14    Str: 22    XL:     8   Next: 58%
Magic:  7/7        EV: 10    Int:  5    God:    Uskayaw [......]
Gold:   243        SH:  5    Dex: 11    Spells: 7/7 levels left

rFire   . . .        l - +2 dagger (venom)
rCold   . . .        c - +0 buckler
rNeg    . . .        v - +0 chain mail
rPois   .            u - +1 hat
rElec   .            q - +2 cloak
rCorr   .            (no gloves)
SInv    .            (no boots)
Will    .....        (no amulet) Stlth
                     (no ring)
HPRegen 0.31/turn    (no ring)
MPRegen 0.10/turn

%: no passive effects
@: lethally poisoned (0 -> -17)
A: horns 2, retaliatory headbutt
a: Renounce Religion


You were on level 6 of the Dungeon.
You worshipped Uskayaw.
Uskayaw was noncommittal.
You visited 2 branches of the dungeon, and saw 7 of its levels.
You also visited: Sewer and Ossuary.

You collected 353 gold pieces.
You spent 110 gold pieces at shops.

Inventory:

Hand Weapons
 l - a +2 dagger of venom (weapon)
 D - a +0 whip of electrocution
Missiles
 e - 2 throwing nets (quivered)
Armour
 c - a +0 buckler (worn)
 q - a +2 cloak (worn)
 u - a +1 hat (worn)
 v - a +0 chain mail (worn)
 H - a +0 plate armour
Wands
 C - a wand of paralysis (14)
Scrolls
 b - a scroll of magic mapping {unknown}
 f - 10 scrolls of identify {unknown}
 g - 2 scrolls of vulnerability {unknown}
 i - 2 scrolls of acquirement {unknown}
 j - a scroll of silence {unknown}
 o - 4 scrolls of amnesia {unknown}
 s - a scroll of poison {unknown}
 w - 5 scrolls of teleportation {unknown}
 x - a scroll of enchant armour {unknown}
 y - a scroll of immolation {unknown}
 E - a scroll of blinking {unknown}
 F - 3 scrolls of enchant weapon {unknown}
Potions
 d - 4 potions of might
 k - 11 potions of curing {unknown}
 m - 4 potions of invisibility {unknown}
 n - 3 potions of mutation {unknown}
 p - 3 potions of flight {unknown}
 r - 2 potions of heal wounds {unknown}
 t - 2 potions of lignification {unknown}
 z - 2 potions of berserk rage {unknown}
 A - a potion of cancellation {unknown}
 B - a potion of haste {unknown}
 G - 2 potions of degeneration {unknown}


   Skills:
 + Level 6.8 Fighting
 + Level 5.6 Short Blades
 + Level 6.9 Armour
 + Level 5.0 Dodging
 + Level 6.8 Shields
 + Level 0.0 Invocations


You had 7 spell levels left.
You didn't know any spells.
Your spell library contained the following spells:

 Spells                   Type           Power      Damage    Failure   Level
 Sandblast                Erth           0%         2d4       98%         1
 Passwall                 Tmut/Erth      0%         N/A       99%         2
 Call Canine Familiar     Summ           0%         N/A       100%        3
 Portal Projectile        Hex/Tloc       0%         N/A       100%        3
 Stone Arrow              Conj/Erth      0%         3d7       100%        3
 Leda's Liquefaction      Hex/Erth       0%         N/A       100%        4


Dungeon Overview and Level Annotations

Branches:
Dungeon (6/15)             Temple (1/1) D:5           Sewer (visited)
Ossuary (visited)

Altars:
Dithmenos
Hepliaklqana
Kikubaaqudgha
Okawaru
Sif Muna
Trog
Uskayaw
Zin
The Shining One

Shops:
D:5 [*

Annotations:
D:4 2 transporters, Drakonis1988's ghost, amateur MiFi


Innate Abilities, Weirdness & Mutations

You have a pair of horns on your head.
You reflexively headbutt those who attack you in melee.


Message History

You feel sick. You block the orc warrior's attack.
You feel sick. The orc warrior closely misses you.
You closely miss the orc warrior.
You feel sick.
The orc warrior hits you but does no damage.
You hit the orc warrior but do no damage.
You feel sick.
You closely miss the orc warrior.
You feel sick.
The orc warrior hits you with a +2 halberd of venom.
You hit the orc warrior but do no damage.
You feel sick. You block the orc warrior's attack.
You hit the orc warrior but do no damage.
The orc warrior is poisoned.
You feel sick.
You hit the orc warrior but do no damage.
The orc warrior looks even sicker.
The orc warrior hits you with a +2 halberd of venom.
A white imp comes into view.
You barely miss the orc warrior.
You headbutt the orc warrior, but do no damage.
The orc warrior is lightly wounded.
You feel sick. The orc warrior barely misses you.
The white imp laughs crazily.
You hit the orc warrior but do no damage.
The orc warrior is lightly wounded.
You feel sick.
The orc warrior hits you with a +2 halberd of venom!
You are more poisoned.
You hit the orc warrior but do no damage.
Your headbutt misses the orc warrior.
The orc warrior is lightly wounded.
You feel very sick.
The orc warrior hits you with a +2 halberd of venom.
* * * LOW HITPOINT WARNING * * *
You are lethally poisoned!
The white imp gestures at you. The puff of frost hits you!
* * * LOW HITPOINT WARNING * * *
* * * LOW HITPOINT WARNING * * *
You feel very sick.
The orc warrior hits you from afar with a +2 halberd of venom.
You die...

######.####
.####..........
.............>
#...........:
####............
................
........<.......
................
.......@........
........).....$.
##.###o.)..###..
# ........# #
....#5..###
##....### ...#.#
....#. ### ##


You could see an orc warrior (very poisoned) and a white imp.

Vanquished Creatures
  Pikel (D:4)
  Pargi (Sewer)
  A black bear (D:4)
  2 ogres (D:5)
  A phantom (D:5)
  3 elf zombies (Ossuary)
  A scorpion (D:4)
  A hound (D:5)
  2 human zombies (Ossuary)
  An orc priest (D:3)
  An iguana (D:5)
  An orc wizard (D:3)
  4 mummies (Ossuary)
  4 gnolls (D:4)
  5 adders
  4 worms
  4 dart slugs
  4 orcs
  9 endoplasms
  5 giant cockroaches
  5 goblins
  7 hobgoblins
  2 jackals (D:1)
  7 kobolds
  7 quokkas
  7 ball pythons
  6 bats
  14 frilled lizards
  A gnoll zombie (Ossuary)
  2 goblin zombies (Ossuary)
  A kobold zombie (Ossuary)
  2 orc zombies (Ossuary)
  4 rats
  A rat zombie (Ossuary)
121 creatures vanquished.

Notes
Turn   | Place    | Note
-------+----------+-------------------------------------------
     0 | D:1      | Metae the Minotaur Fighter began the quest for the Orb.
     0 | D:1      | Reached XP level 1. HP: 19/19 MP: 0/0
    99 | D:1      | Reached XP level 2. HP: 27/27 MP: 1/1
   338 | D:1      | Found a faded altar of an unknown god.
   530 | D:1      | Reached skill level 1 in Dodging
   808 | D:2      | Reached XP level 3. HP: 33/33 MP: 2/2
  1684 | D:3      | Found a glowing drain.
  1721 | Sewer    | Entered a sewer
  1743 | Sewer    | Reached XP level 4. HP: 37/40 MP: 3/3
  1778 | Sewer    | Noticed Pargi
  1790 | Sewer    | Killed Pargi
  1791 | Sewer    | Reached XP level 5. HP: 44/47 MP: 4/4
  2640 | D:4      | Reached XP level 6. HP: 23/55 MP: 5/5
  2884 | D:4      | Reached skill level 5 in Fighting
  2884 | D:4      | Reached skill level 5 in Armour
  2884 | D:4      | Reached skill level 5 in Shields
  2975 | D:4      | Noticed Pikel
  2990 | D:4      | Killed Pikel
  2991 | D:4      | Reached XP level 7. HP: 34/62 MP: 6/6
  2999 | D:4      | Found a shadowy altar of Dithmenos.
  3074 | D:4      | Found a transporter.
  3075 | D:4      | Noticed Drakonis1988's ghost (amateur MiFi)
  3075 | D:4      | Identified the +8 dire flail "Dept" {freeze, rF+ rN+ rCorr
                  | Str+2}
  3080 | D:4      | Found a transporter.
  3237 | D:4      | Found a sand-covered staircase.
  3319 | Ossuary  | Entered an ossuary
  3413 | Ossuary  | Reached skill level 5 in Short Blades
  3413 | Ossuary  | Reached XP level 8. HP: 35/70 MP: 7/7
  4001 | D:4      | Found a glowing golden altar of the Shining One.
  4292 | D:5      | Entered Level 5 of the Dungeon
  4292 | D:5      | Found Veessaps's Assorted Antiques.
  4337 | D:5      | Bought a scroll labelled LOATHR YRUDEGH for 22 gold pieces
  4337 | D:5      | Bought a potion of might for 88 gold pieces
  4519 | D:5      | Found Ruolanarph's Armour Boutique.
  4619 | D:5      | Reached skill level 5 in Dodging
  4699 | D:5      | Found a staircase to the Ecumenical Temple.
  4706 | Temple   | Entered the Ecumenical Temple
  4850 | Temple   | Became a worshipper of Uskayaw the Reveller
  4938 | D:5      | Found an ancient bone altar of Kikubaaqudgha.
  4994 | D:6      | Slain by an orc warrior

Illustrated notes

Levels and vault maps discovered:
D:1:      dpeg_arrival_oval, layout_basic, dreamdust_ecumenical_altar_statues
D:2:      layout_rooms, minmay_door_square, serial_bayou_pond_d,
          grunt_decor_mini_mirrors, serial_bayou_pond_a
D:3:      kennysheep_six_static_rooms, layout_basic,
          cheibrodos_sewer_entry_drain
D:4:      layout_loops_ring, nicolae_dithmenos_shadow_blocks, lemuel_tele_altar,
          gammafunk_ghost_smash, nicolae_ossuary_entry_false_entrances,
          kennysheep_generic_room_7, uniq_pikel
D:5:      layout_rooms, lemuel_crystal_altar, temple_green,
          nicolae_stop_n_shop_2, nicolae_stop_n_shop_1
D:6:      layout_rooms, makhleb_altar_promises_db, serial_shops,
          nicolae_shop_bloodbath_and_beyond, serial_corexii_hall,
          chequers_hall_statues_corner_a, corexii_hall_statues_deadend,
          chequers_hall_statues_y, minmay_crystal_water,
          lexackson_kobold_supper, uniq_prince_ribbit1
Temple:   regret_index_temple_generic_petals

Skill      XL: |  1  2  3  4  5  6  7  8 |
---------------+-------------------------+-----
Dodging        | 1 2 3 4 5 |  5.0
Armour         | 4 5 6 |  6.9
Shields        | 4 5 6 |  6.8
Fighting       | 4 5 6 |  6.8
Short Blades   | 3 4 5 |  5.6

Action                     |  1- 3 |  4- 6 |  7- 9 || total
---------------------------+-------+-------+-------++-------
  Melee: Rapier            |    31 |       |       ||    31
         Headbutt          |    18 |    21 |    49 ||    88
         Dagger            |    93 |   113 |   224 ||   430
  Throw: Throwing net      |       |     1 |       ||     1
 Armour: Scale mail        |    64 |    49 |    73 ||   186
         Chain mail        |       |       |    33 ||    33
  Dodge: Dodged            |    49 |    47 |    99 ||   195
  Block: Buckler           |    22 |    16 |    51 ||    89
